Cogmind - Beta 13 @@@ ROGUE MODE // 2024.05.30 @ 23:35:49 Player: Blitzedlegend Result: Destroyed by G-47 Trooper with Particle Gun Performance ------------- Evolutions (1) 500 Regions Visited (2) 400 Robots Destroyed (7) 35 Value Destroyed (103) 103 Prototype IDs (0) 0 Alien Tech Used (0) 0 Bonus (0) 0 TOTAL SCORE: 1038 Bonus ------- None Cogmind --------- Core Integrity 0/400 Matter 285/300 Energy 100/100 System Corruption 0% Temperature Cool (9) Movement Core (350) Ox6 Location -9/Materials Parts ------- > --- POWER (2) -------- (None) > --- PROPULSION (2) --- (None) > --- UTILITY (3) ------ Large Storage Unit Signal Interpreter > --- WEAPON (2) ------- (None) > --- INVENTORY (15) --- Seismic Detector Hardened Light Armor Plating Peak State ------------ > --- POWER ------------ Light Ion Engine > --- PROPULSION ------- Flight Unit Flight Unit > --- UTILITY ---------- Signal Interpreter Improved Terrain Scanner Hardened Light Armor Plating > --- WEAPON ----------- Heavy EM Pulse Gun Light Assault Rifle > --- INVENTORY -------- Light Ion Engine Hover Unit Seismic Detector Light Assault Rifle [Rating: 12] Favorites ----------- Power Light Ion Engine Engine Light Ion Engine Propulsion Wheel Wheel Wheel Hover Unit Hover Unit Flight Unit Flight Unit Utility Improved Terrain Scanner Device Improved Terrain Scanner Storage Large Storage Unit Processor Signal Interpreter Protection Hardened Light Armor Plating Weapon Light Assault Rifle Energy Gun Heavy EM Pulse Gun Ballistic Gun Light Assault Rifle Build | -11 -10 -9 ------- Run | Yrd Mat Mat Slots Evolved 2 | . . 2 Power 1 | . . 1 Propulsion . | . . . Utility 1 | . . 1 Weapon . | . . . Parts Attached 25 | 8 10 7 Power 2 | 1 . 1 Engine 2 | 1 . 1 Core . | . . . Reactor . | . . . Propulsion 8 | 3 5 . Treads . | . . . Leg . | . . . Wheel 3 | 3 . . Hover 2 | . 2 . Flight 3 | . 3 . Utility 8 | 2 3 3 Device 5 | 2 2 1 Storage 1 | . . 1 Processor 1 | . 1 . Hackware . | . . . Protection 1 | . . 1 Artifact . | . . . Weapon 7 | 2 2 3 Energy Gun 1 | . . 1 Energy Cannon . | . . . Ballistic Gun 6 | 2 2 2 Ballistic Cannon . | . . . Launcher . | . . . Special Weapon . | . . . Impact Weapon . | . . . Slashing Weapon . | . . . Piercing Weapon . | . . . Special Melee Weapon . | . . . Unidentified Prototypes . | . . . Parts Lost 7 | . . 7 Power 2 | . . 2 Propulsion 2 | . . 2 Utility . | . . . Weapon 3 | . . 3 Highest Loss Streak 7 | . . 7 To Critical Strikes . | . . . Average Slot Usage (%) 80 | . 85 62 Engine 13 | . 14 10 Hover 9 | . 12 . Flight 5 | . 3 14 Device 22 | . 27 6 Storage 1 | . . 8 Processor 2 | . . 11 Energy Gun 1 | . . 5 Ballistic Gun 23 | . 27 8 Naked Turns . | . . . Heaviest Build 29 | 8 8 29 Greatest Support 20 | 20 20 8 Greatest Overweight (x) 9 | . 1 9 Average Overweight (x) . | . . 1 Largest Inventory Capacity 15 | 5 5 15 Average Capacity 5 | 5 5 11 Most Carried 6 | 2 5 6 Average Carried . | . . 3 Final Capacity 15 | 5 5 15 Final Carried 3 | . 3 2 Class Distribution -------------------- 92% | Mutant 7% | Scavenger-Mutant Dominant Class ---------------- Mutant | -10/Materials Mutant | -9/Materials Resources | -11 -10 -9 ----------- Run | Yrd Mat Mat Matter Collected 454 | 304 124 26 Remotely . | . . . Salvage Created 149 | 60 50 39 Parts 17 | 6 8 3 Haulers Intercepted . | . . . Recyclers Shooed . | . . . Parts Field Recycled . | . . . Retrieved Matter . | . . . Parts Self-Destructed . | . . . Prevented . | . . . Kills | -11 -10 -9 ------- Run | Yrd Mat Mat Combat Hostiles Destroyed 4 | 1 2 1 Guns 4 | 1 2 1 Classes Destroyed 4 | 2 2 . Tunneler 1 | 1 . . Watcher 2 | . 1 1 Swarmer 3 | . 2 1 Grunt 1 | 1 . . Best Kill Streak 3 | 2 3 1 Combat Bots Only 2 | 1 2 1 Max Kills in Single Turn 1 | 1 1 1 Gunslinging . | . . . Exploded . | . . . Melee . | . . . Uniques/NPCs Destroyed . | . . . Combat | -11 -10 -9 -------- Run | Yrd Mat Mat Hostile Shots Fired 120 | 8 10 102 Missed 38 | 2 4 32 Damage Taken 860 | 67 42 751 Core 426 | 11 7 408 Absorbed by Shields . | . . . Core Remaining (%) 93 | 95 92 . Volleys Fired 21 | 6 6 9 Largest 2 | 2 2 2 Hottest 65 | 40 40 65 Shots Fired 35 | 12 12 11 Gun 35 | 12 12 11 Cannon . | . . . Launcher . | . . . Special . | . . . Kinetic 30 | 12 12 6 Thermal . | . . . Explosive . | . . . Electromagnetic 5 | . . 5 Robot Hit Streak 2 | 2 2 2 Robot Miss Streak 3 | 3 3 2 Penetration Max . | . . . Secondary Targets . | . . . Shots Hit Robots 14 | 6 3 5 Core Hits 10 | 4 3 3 Critical Kills . | . . . Critical Parts Destroyed . | . . . Critical Strikes . | . . . Melee Attacks . | . . . Impact . | . . . Slashing . | . . . Piercing . | . . . Sneak Attacks . | . . . Combat Hostiles . | . . . Follow-up Attacks . | . . . Damage Inflicted 212 | 75 45 92 Guns 212 | 75 45 92 Cannons . | . . . Explosions . | . . . Melee . | . . . Ramming . | . . . Kinetic 157 | 75 45 37 Thermal . | . . . Explosive . | . . . Electromagnetic 55 | . . 55 Impact . | . . . Slashing . | . . . Piercing . | . . . Highest Corruption . | . . . Average Corruption . | . . . Corruption Purged . | . . . Corruption Blocked . | . . . Overload Shots . | . . . Overflow Damage . | . . . Projectiles . | . . . Explosions . | . . . Melee . | . . . Knockbacks . | . . . Impact . | . . . Kinetic . | . . . Secondary . | . . . Self-Inflicted Damage . | . . . Shots . | . . . Rammed . | . . . Targets Rammed . | . . . Kicked . | . . . Crushed . | . . . Highest Temperature 58 | 6 4 58 Average Temperature 16 | 6 2 28 Received Heat Transfer 336 | 36 . 300 Siege Activations . | . . . Robots Corrupted . | . . . Combat Hostiles . | . . . Parts Fried . | . . . Impact Corruptions . | . . . Robots Melted . | . . . Combat Hostiles . | . . . Parts Melted . | . . . Heat Transferred . | . . . Parts Sabotaged . | . . . Parts Stolen . | . . . Parts Stripped . | . . . Power Chain Reactions . | . . . Alert | -11 -10 -9 ------- Run | Yrd Mat Mat Peak Influence 87 | 25 87 25 Initial . | . . . Average 11 | 15 7 5 Maximum Alert Level . | . . . Low Security (%) 100 | 100 100 100 Level 1 . | . . . Level 2 . | . . . Level 3 . | . . . Level 4 . | . . . Level 5 . | . . . High Security . | . . . Max Security . | . . . Squads Dispatched . | . . . Investigation . | . . . Extermination . | . . . Reinforcement . | . . . Assault . | . . . Garrison . | . . . Intercept . | . . . Searches Triggered . | . . . Construction Impeded . | . . . Haulers Reinforced . | . . . Active Scanning Responses . | . . . Cargo Convoy Interrupts . | . . . Stealth | -11 -10 -9 --------- Run | Yrd Mat Mat Distress Signals 1 | . 1 . Communications Jammed . | . . . Distress Signals . | . . . Times Spotted 17 | 1 7 9 Peak Tracking Total 7 | 1 5 7 Tactical Retreats 2 | . 1 1 Traps | -11 -10 -9 ------- Run | Yrd Mat Mat Traps Triggered 2 | . 2 . Indirectly . | . . . Trap Hack Attempts . | . . . Triggered . | . . . Disarmed . | . . . Reprogrammed . | . . . Reused . | . . . Traps Extracted . | . . . Installed . | . . . Triggered . | . . . Machines | -11 -10 -9 ---------- Run | Yrd Mat Mat Machines Disabled . | . . . Max in Single Turn . | . . . Machines Repaired . | . . . Machines Dismantled . | . . . Machines Sabotaged . | . . . Overloaded Fab Kills . | . . . Hacking | -11 -10 -9 --------- Run | Yrd Mat Mat Machines Accessed 2 | . 1 1 Terminals 1 | . 1 . Fabricators . | . . . Repair Stations . | . . . Recycling Units 1 | . . 1 Scanalyzers . | . . . Garrison Access . | . . . Total Hacks 4 | . 2 2 Successful 2 | . 1 1 Failed 2 | . 1 1 Catastrophic . | . . . Database Lockouts . | . . . Manual . | . . . Terminals 2 | . 2 . Fabricators . | . . . Repair Stations . | . . . Recycling Units 2 | . . 2 Scanalyzers . | . . . Garrison Access . | . . . Terminal Hacks 1 | . 1 . Unreport Threat 1 | . 1 . Fabricator Hacks . | . . . Repair Station Hacks . | . . . Recycling Unit Hacks 1 | . . 1 Retrieve Components 1 | . . 1 Scanalyzer . | . . . Garrison Access Hacks . | . . . Unauthorized Hacks . | . . . Terminals . | . . . Fabricators . | . . . Repair Stations . | . . . Recycling Units . | . . . Scanalyzers . | . . . Garrison Access . | . . . Data Cores Recovered . | . . . Used . | . . . Hacking Detections 1 | . . 1 Full Trace Events . | . . . Feedback Events . | . . . Feedback Blocked . | . . . Robot Schematics Acquired . | . . . Robots Built . | . . . Authchips . | . . . Time . | . . . Total Robot Build Rating . | . . . Part Schematics Acquired . | . . . Parts Built . | . . . Authchips . | . . . Time . | . . . Total Part Build Rating . | . . . Parts Repaired . | . . . Time . | . . . Parts Recycled . | . . . Recycled Matter . | . . . Retrieved Matter . | . . . Retrieved Components 2 | . . 2 Parts Scanalyzed . | . . . Part Schematics Acquired . | . . . Parts Damaged . | . . . Bothacking | -11 -10 -9 ------------ Run | Yrd Mat Mat Used RIF Installer . | . . . Robots Hacked . | . . . Non-combat . | . . . Combat . | . . . Robot Hacks Applied . | . . . Relay Couplers Released . | . . . Fabnet Peak Effective % . | . . . Robots Rewired . | . . . Allies Hacked . | . . . Hacks Repelled . | . . . Allies | -11 -10 -9 -------- Run | Yrd Mat Mat Total Allies . | . . . Largest Group . | . . . Highest-Rated Group . | . . . Highest-Rated Ally . | . . . Total Orders . | . . . Ally Attacks . | . . . Total Damage . | . . . Kills . | . . . Allies Corrupted . | . . . Allies Melted . | . . . Intel | -11 -10 -9 ------- Run | Yrd Mat Mat Robot Analysis Total . | . . . Derelict Logs Recovered . | . . . Drone Launches . | . . . Drone Recoveries . | . . . Exploration | -11 -10 -9 ------------- Run | Yrd Mat Mat Turns Passed 1061 | 538 412 111 Spaces Moved 313 | 99 156 58 Core 33 | 26 . 7 Treads . | . . . Legs . | . . . Wheels 78 | 73 5 . Hover 75 | . 75 . Flight 127 | . 76 51 Fastest Speed 37 | 50 37 37 Average Speed 83 | 72 78 114 Slowest Speed 500 | 80 120 500 Overloaded Moves . | . . . Propulsion Burnouts . | . . . Robots Hopped 2 | . 2 . Cave-ins Triggered . | . . . Exploration Rate (%) 15 | 11 29 5 Regions Visited 2 Branch Regions . Pre-discovered Areas . | . . . Known Exits Taken 1 | . 1 . Unknown Exits Taken 1 | 1 . . Scrap Searched . | . . . Spaces Dug . | . . . Terrain Destroyed . | . . . Melee . | . . . Projectile . | . . . AOE . | . . . Terrain Rammed . | . . . Walls Destroyed . | . . . Machines Disabled . | . . . Actions | -11 -10 -9 --------- Run | Yrd Mat Mat Total 1080 | 554 431 95 Wait 694 | 433 249 12 Move 307 | 98 151 58 Hop 2 | . 2 . Pick Up 21 | 8 10 3 Fast Attach 1 | . . 1 Attach 19 | 7 7 5 Detach 4 | . 1 3 Swap 5 | 1 3 1 Drop 6 | 1 2 3 Fire 21 | 6 6 9 Melee . | . . . Ram . | . . . Kick . | . . . Crush . | . . . Escape Stasis . | . . . Rewire . | . . . Trap . | . . . Miscellaneous . | . . . Route ------- -11/Scrapyard -10/Materials (discovered 2 exits: *Mat / [Sub]) -9/Materials History --------- Turn | Location | Event 2 | -11/Scrapyard | Met Revision 17 44 | -11/Scrapyard | Discovered new exit (range 8) 539 | -11/Scrapyard | Entered Materials 540 | -10/Materials | Build established: Mutant 881 | -10/Materials | Discovered new exit (range 10) 924 | -10/Materials | Discovered new exit (range 8) 951 | -10/Materials | Identified exit to Materials 951 | -10/Materials | Entered another Materials area 951 | -9/Materials | Evolved 2 slots: Power x1, Utility x1 1045 | -9/Materials | Core integrity fell below 50% 1058 | -9/Materials | Core integrity fell below 20% 1062 | -9/Materials | Destroyed by G-47 Trooper with Particle Gun Last Messages --------------- R-06 Scavenger suffers critical hit (Burn). R-06 Scavenger destroyed. Lgt. Ion Engine destroyed. U-05 Engineer builds a Wall. Lgt. Ion Engine destroyed. K-01 Serf collects debris. Acquired 26 matter. K-01 Serf collects debris. R-06 Scavenger collects Com. Wheel. K-01 Serf collects debris. R-06 Scavenger collects Lrg. Storage Unit. R-06 Scavenger destroyed. K-01 Serf collects debris. S-10 Pest destroyed. G-47 Trooper IFF system glitched. Lgt. Assault Rifle destroyed. Critical hit (Burn: +37). S-10 Pest destroyed. Lgt. Assault Rifle destroyed. R-06 Scavenger collects Lgt. Ion Engine. Map ----- +----------------------------------------------------+ | ????????????????????????????????????????????? | | ????????????????????????????????????????????? | | ????????????????????????????????????????????? | | ????????????????????????????????????????????? | | ????????????????????????????????????????????? | | ????????????????????? ??????????????????????? | | ????????????????????? ????????????????????? | | ??????????????????"""%"#????????????????????? | | ?????????????????"""" %#????????????????????? | | ????????????????? #????????????????????? | | ?????????????????? #????????????????????? | | ?????????????????? #????????????????????? | | ?????????????????? u#????????????????????? | | ?????????????????? #????????????????????? | | ?????????????????? #????????????????????? | | ???????????????#### #?###?????????????????? | | ??????????????##! r ## #?????????????????? | | ??????????????#! grg# ??????????????????? | | ??????????????# s% #???????????????????? | | ??????????????# s # #???????????????????? | | ??????????????#! %g #?????????????????????? | | ??????????????##! = ##????????????????????? | | ???????????????#### %=#?????????????????????? | | ??????????????????# =%#????????????????? ???? | | ??????????????????# !#???????????????#?????? | | ??????????????????# @r#??#??????#???????????? | | ???????????" ?????# #?#???????????????????? | | ??????????????????# #?????????????????????? | | ??????????????????# #?#########???????????? | | ?????????????? ???# #?# """ #???????????? | | ???????? ?????????# #?# "Y" #??? ???????? | | ??????????????????# ### #???????????? | | ???????????####+### # #???????????? | | ???????????# # #???????????? | | ???????????# + #???????????? | | ???????????# # """ #???????????? | | ???????????######## #| """ #???????????? | | ??????????????#???## ## """ #???????????? | | ???????????????????# ## #???????????? | | ????????????#??????# ## #???????????? | | ???????????????????+ ##########???????????? | | ???????????????????# #????????????????????? | | ?????#?????????????# #????????????????????? | | ???????????????????# #????????????????????? | | ???????????????????# #????????????????????? | | ???????????????????# #????????????????????? | | ???????????????????# #????????????????????? | | ???????????????????+ #????????????????????? | | ???????????????????# #????????????????????? | | ?????????????????? ? ?????????????????????? | +----------------------------------------------------+ Best States ------------- Heat Dissipation 28 Energy Generation 15 Energy Capacity 150 Matter Stores 300 Matter Capacity 300 Sight Range 16 Terrain Scan Range 16 Terrain Scan Density 10 Evasion (%) 62 Item Schematics ----------------- None Robot Schematics ------------------ None Fabricated ------------ Nothing Alien Tech Used ----------------- None Achievements -------------- Everything Is Under Control Challenges ------------ None Game ------ Seed IonicHeavyScreen Manual? 0 Play Time 00:08:22 Cumulative 1.4 hours Start 2024.05.30 @ 23:27:26 End 2024.05.30 @ 23:35:49 Sessions 1 Manual Loads 0 Difficulty Rogue Special Mode None Game No. 3 Rogue 3 Adventurer 0 Explorer 0 Win Type - Total 0 Types 0/0/0/0/0/0/0/0/0 Lore% 6 Gallery% 5 Achievement% 7 Wizard Run 0 Options --------- Layout 1 ASCII 0 Keyboard 0 Movement Mouse Keybinds 0 Fullscreen 2 Font 32/Tamsyn Map View 50x35 Zoom Use 0% Tactical HUD 0 Map Filters NONE Filters NONE Steam 1 RUN: 67453b8a-2b4c-4754-b34d-3d5ce564d94f